 Dungeon Crawl Stone Soup version 0.30-a0-347-gf58ed5266c (webtiles) character file.

Game seed: 4521969074809441988

9678 pokeman the Thaumaturge (level 11, -9/60 HPs)
             Began as a Deep Elf Hedge Wizard on Nov 5, 2022.
             Was a Believer of Vehumet.
             Mangled by a two-headed ogre
             ... wielding a +0 giant spiked club
              (21 damage)
             ... on level 9 of the Dungeon.
             The game lasted 00:36:40 (11595 turns).

pokeman the Thaumaturge (Deep Elf Hedge Wizard)    Turns: 11595, Time: 00:36:42

Health: -9/60      AC: 10    Str:  7    XL:     11   Next: 26%
Magic:  19/31      EV: 12    Int: 24    God:    Vehumet [**....]
Gold:   1386       SH:  0    Dex: 14    Spells: 29/39 levels left

rFire   . . .      SeeInvis .    J - +1 demon blade (pain)
rCold   . . .      Faith    .    (no shield)
rNeg    . . .      Spirit   .    B - +2 leather armour {rPois}
rPois   +          Reflect  .    c - +0 hat
rElec   .          Harm     .    y - +2 cloak
rCorr   .          Rampage  .    m - +0 pair of gloves
Will    +++..                    n - +0 pair of boots
Stlth   ++........               h - amulet of regeneration
HPRegen 1.10/turn                s - ring of willpower
MPRegen 0.22/turn                D - ring of willpower

@: no status effects
A: no striking features
a: Renounce Religion


You were on level 9 of the Dungeon.
You worshipped Vehumet.
Vehumet was pleased with you.
You visited 2 branches of the dungeon, and saw 10 of its levels.
You also visited: Ossuary and Bailey.

You collected 1386 gold pieces.

Inventory:

Hand Weapons
 x - a +3 quarterstaff of chaos
 C - a +2 spear of venom
 J - a +1 demon blade of pain (weapon)
 X - a +0 arbalest
Missiles
 T - a throwing net
Armour
 a - a +0 buckler
 c - a +0 hat (worn)
 g - a +0 leather armour
 m - a +0 pair of gloves (worn)
 n - a +0 pair of boots (worn)
 y - a +2 cloak (worn)
 B - a +2 leather armour of poison resistance (worn)
 K - a +2 leather armour of cold resistance
 R - +0 steam dragon scales
 S - a +2 ring mail of poison resistance
 U - an orb of mayhem
 V - a +2 robe of fire resistance
 W - a +0 troll leather armour
 Y - the +18 shield of the Gong {rElec rN+ Will+ EV-5}
   (You found it on level 8 of the Dungeon)

   It is deafeningly noisy when blocking attacks.
   EV:        It affects your evasion (-5).
   rElec:     It insulates you from electricity.
   rN:        It protects you from negative energy.
   Will:      It increases your willpower.
Magical Staves
 L - a staff of poison
Jewellery
 e - an amulet of the acrobat
 h - an amulet of regeneration (around neck)
 s - a ring of willpower (left hand)
 D - a ring of willpower (right hand)
Wands
 q - a wand of polymorph (7)
 r - a wand of acid (11)
 E - a wand of flame (40)
 P - a wand of mindburst (12)
 Z - a wand of iceblast (7)
Scrolls
 b - 3 scrolls of enchant weapon {unknown}
 f - 5 scrolls of vulnerability {unknown}
 i - a scroll of noise {unknown}
 j - 7 scrolls of identify {unknown}
 o - 2 scrolls of immolation {unknown}
 p - 11 scrolls of teleportation {unknown}
 t - a scroll of poison {unknown}
 z - a scroll of brand weapon {unknown}
 A - 7 scrolls of enchant armour {unknown}
 G - a scroll of blinking {unknown}
Potions
 d - 2 potions of magic
 k - 8 potions of curing
 l - 6 potions of heal wounds {unknown}
 u - 3 potions of attraction {unknown}
 v - a potion of ambrosia {unknown}
 w - a potion of degeneration {unknown}
 F - 3 potions of berserk rage {unknown}
 H - 3 potions of mutation {unknown}
 I - 4 potions of lignification {unknown}
 M - a potion of brilliance {unknown}
 O - 2 potions of resistance {unknown}
 Q - a potion of cancellation {unknown}
Miscellaneous
 N - a tin of tremorstones (2/2)


   Skills:
 - Level 3.2 Fighting
 - Level 3.0 Armour
 - Level 3.0 Dodging
 - Level 3.0 Stealth
 + Level 4.3 Shields
 * Level 14.9 Spellcasting
 + Level 8.7 Conjurations
 - Level 1.1 Summonings
 + Level 7.4 Necromancy
 - Level 1.1 Translocations
 - Level 1.0 Transmutations
 - Level 1.0 Air Magic
 - Level 4.0 Earth Magic
 - Level 1.0 Poison Magic
 - Level 1.2 Evocations


You had 29 spell levels left.
You knew the following spells:

 Your Spells              Type           Power      Damage    Failure   Level
a - Magic Dart            Conj           100%       1d8       1%          1
b - Mephitic Cloud        Conj/Pois/Air  35%        N/A       3%          3
c - Call Imp              Summ           23%        N/A       4%          2
d - Blink                 Tloc           46%        N/A       4%          2
e - Passwall              Tmut/Erth      25%        N/A       2%          2

Your spell library contained the following spells:

 Spells                   Type           Power      Damage    Failure   Level
 Foxfire                  Conj/Fire      100%       2x1d9     1%          1
 Cigotuvi's Dreadful Rot  Necr/Pois/Air  66%        N/A       1%          2
 Vampiric Draining        Necr           52%        2d9       1%          3
 Hailstorm                Conj/Ice       38%        3d9       2%          3
 Freeze                   Ice            68%        1d8       4%          1
 Slow                     Hex            68%        N/A       4%          1
 Iskenderun's Mystic Bla  Conj/Tloc      41%        2d9       6%          4
 Fulminant Prism          Conj/Hex       19%        3d10      8%          4
 Kindle Blastsparks       Fire/Tloc/Air  42%        2d13      11%         3
 Portal Projectile        Hex/Tloc       40%        N/A       11%         3
 Confusing Touch          Hex            17%        N/A       14%         3
 Frozen Ramparts          Ice            34%        1d6       14%         3
 Tukima's Dance           Hex            17%        N/A       14%         3
 Leda's Liquefaction      Hex/Erth       13%        N/A       21%         4
 Lee's Rapid Deconstruct  Erth           18%        3d11*     24%         5
 Passage of Golubria      Tloc           23%        N/A       28%         4
 Blade Hands              Tmut           11%        N/A       63%         5
 Yara's Violent Unravell  Hex/Tmut       10%        3d6       71%         5
 Enfeeble                 Hex            8%         N/A       100%        7


Dungeon Overview and Level Annotations

Branches:
Dungeon (9/15)             Temple (1/1) D:7         Ossuary (visited)
 Bailey (visited)
   Lair: D:8-11         Orc: D:9-12

Altars:
Ashenzari
Dithmenos
Elyvilon
Fedhas
Gozag
Makhleb
Nemelex Xobeh
Qazlal
Ru
Sif Muna
Trog
Vehumet
The Shining One

Shops:
D:1 [

Annotations:
D:3 1 runed translucent door, Charmandara's ghost, weakling AtFi


Message History

Casting: Magic Dart (safe; 1% risk of failure)
Confirm with . or Enter, or press ? or * to list all spells.
Aiming: Magic Dart (safe; 1% risk of failure)
Press: ? - help, Shift-Dir - straight line, f/p - two-headed ogre
Aim: a two-headed ogre, wielding a +0 giant spiked club and a +0 giant club (noxious fumes, heavily wounded, confused, ally target, 100% to hit)
The magic dart hits the two-headed ogre.
The two-headed ogre is heavily wounded.
The two-headed ogre is engulfed in noxious fumes.
The two-headed ogre appears confused.
Your crimson imp hits the two-headed ogre but does no damage.
Casting: Magic Dart (safe; 1% risk of failure)
Confirm with . or Enter, or press ? or * to list all spells.
Aiming: Magic Dart (safe; 1% risk of failure)
Press: ? - help, Shift-Dir - straight line, f/p - two-headed ogre
Aim: a two-headed ogre, wielding a +0 giant spiked club and a +0 giant club (noxious fumes, heavily wounded, confused, ally target, 100% to hit)
The magic dart hits the two-headed ogre.
The two-headed ogre is heavily wounded.
The two-headed ogre is engulfed in noxious fumes.
The two-headed ogre appears confused.
Casting: Magic Dart (safe; 1% risk of failure)
Confirm with . or Enter, or press ? or * to list all spells.
Aiming: Magic Dart (safe; 1% risk of failure)
Press: ? - help, Shift-Dir - straight line, f/p - two-headed ogre
Aim: a two-headed ogre, wielding a +0 giant spiked club and a +0 giant club (heavily wounded, confused, ally target, 100% to hit)
The magic dart hits the two-headed ogre.
The two-headed ogre is heavily wounded.
The two-headed ogre gestures wildly.
You hit the two-headed ogre.
The two-headed ogre writhes in agony.
The two-headed ogre is severely wounded.
The two-headed ogre closely misses you.
The two-headed ogre hits you with a +0 giant club!!
Your crimson imp hits the two-headed ogre.
Unknown command.
You hit the two-headed ogre.
The two-headed ogre is severely wounded.
Your crimson imp barely misses the two-headed ogre.
The two-headed ogre hits you with a +0 giant spiked club!!
* * * LOW HITPOINT WARNING * * *
The two-headed ogre hits you with a +0 giant club!!
You die...

#.. #.# ###
#.# .###...
#.# ...[...
#.# #.$....
#.# #......
#.# .......
#.# #..=...
#.#
#......####
#@#
#.........#
#O#
#########.#
#5# #.....#)##
#.# #......))#
#.# #........#
#.#
######.......#
#.#
#............#
#.#
#......#..####
#.#


You could see a two-headed ogre (confused, ally target) and a friendly crimson
imp (summoned).

Vanquished Creatures
  2 vault sentinels (D:8)
  A troll (D:8)
  A hornet (D:7)
  2 wyverns (D:8)
  20 yaks (D:8)
  3 steam dragons
  Edmund (D:4)
  4 water moccasins
  An acid dragon (D:9)
  A black bear (D:7)
  3 ogres
  4 orc warriors
  2 ice beasts
  4 centaurs
  2 phantoms (D:6)
  10 kobold brigands
  Blork the orc (D:4)
  5 bullfrogs
  4 gnoll sergeants
  A necrophage (D:5)
  4 killer bees (D:8)
  5 howler monkeys
  3 orc priests
  3 jellies
  2 gnoll boudas (D:7)
  3 hounds
  Crazy Yiuf (D:4)
  Jessica (D:2)
  5 orc wizards
  3 iguanas
  8 mummies (Ossuary)
  33 gnolls
  11 adders
  3 white imps
  A worm (D:5)
  4 dart slugs
  50 orcs
  6 ball pythons
  3 endoplasms
  5 giant cockroaches
  2 gnoll zombies (Ossuary)
  2 hobgoblins
  16 jackals
  23 kobolds
  4 quokkas
  4 bats
  4 frilled lizards
  3 goblins (D:1)
  3 hobgoblin zombies (Ossuary)
  A kobold zombie (Ossuary)
  2 orc zombies (Ossuary)
  3 rats
293 creatures vanquished.

Vanquished Creatures (collateral kills)
  A killer bee (D:8)
  A jackal (D:3)
2 creatures vanquished.

Vanquished Creatures (others)
  A killer bee (D:8)
  An orc (D:7)
  3 plants (D:3)
5 creatures vanquished.

Grand Total: 300 creatures vanquished

Notes
Turn   | Place    | Note
-------+----------+-------------------------------------------
     0 | D:1      | pokeman the Deep Elf Hedge Wizard began the quest for the
                  | Orb.
     0 | D:1      | Reached XP level 1. HP: 10/10 MP: 7/7
   388 | D:1      | Reached XP level 2. HP: 16/16 MP: 4/9
   610 | D:1      | Got Sif Muna's Guidebook on Geological Beguiling
   633 | D:1      | Found Gacur's Antique Armour Shoppe.
  1125 | D:2      | Reached skill level 5 in Spellcasting
  1178 | D:2      | Found a faded altar of an unknown god.
  1211 | D:2      | Reached XP level 3. HP: 20/20 MP: 8/11
  1215 | D:2      | Learned a level 3 spell: Mephitic Cloud
  1218 | D:2      | Learned a level 2 spell: Call Imp
  1221 | D:2      | Learned a level 2 spell: Blink
  1224 | D:2      | Learned a level 2 spell: Passwall
  1309 | D:2      | Noticed Jessica
  1316 | D:2      | Killed Jessica
  1317 | D:2      | Reached skill level 1 in Fighting
  1317 | D:2      | Reached skill level 1 in Armour
  1433 | D:2      | Reached XP level 4. HP: 24/25 MP: 1/13
  2718 | D:3      | Reached skill level 1 in Shields
  2718 | D:3      | Reached skill level 6 in Spellcasting
  2718 | D:3      | Reached XP level 5. HP: 21/29 MP: 0/15
  2916 | D:3      | Reached skill level 1 in Poison Magic
  3161 | D:3      | Reached XP level 6. HP: 34/34 MP: 10/17
  3176 | D:3      | Reached skill level 1 in Earth Magic
  3330 | D:3      | Reached skill level 7 in Spellcasting
  3330 | D:3      | Reached skill level 1 in Transmutations
  3779 | D:3      | Reached skill level 1 in Air Magic
  4032 | D:3      | Found a runed translucent door.
  4041 | D:3      | Noticed Charmandara's ghost (weakling AtFi)
  4425 | D:3      | Reached XP level 7. HP: 38/38 MP: 14/20
  4783 | D:4      | Reached skill level 1 in Evocations
  4942 | D:4      | Noticed Edmund
  4999 | D:4      | Killed Edmund
  5000 | D:4      | Reached skill level 8 in Spellcasting
  5275 | D:4      | Noticed Blork the orc
  5282 | D:4      | Killed Blork the orc
  5534 | D:4      | Found a runed translucent door.
  5535 | D:4      | Noticed Crazy Yiuf
  5829 | D:4      | Killed Crazy Yiuf
  5898 | D:5      | Entered Level 5 of the Dungeon
  6059 | D:5      | Reached XP level 8. HP: 42/45 MP: 1/22
  6374 | D:5      | Found a burning altar of Makhleb.
  6465 | D:5      | Reached skill level 9 in Spellcasting
  7040 | D:6      | Reached skill level 5 in Conjurations
  7481 | D:6      | Reached skill level 10 in Spellcasting
  7871 | D:7      | Found a flagged portal.
  7881 | Bailey   | Entered a bailey
  7919 | Bailey   | Reached skill level 1 in Necromancy
  8109 | Bailey   | Reached XP level 9. HP: 51/51 MP: 16/25
  8199 | Bailey   | Reached skill level 11 in Spellcasting
  8242 | Bailey   | Found a burning altar of Makhleb.
  8435 | D:7      | Found a sand-covered staircase.
  8444 | Ossuary  | Entered an ossuary
  9390 | D:7      | Reached skill level 12 in Spellcasting
  9508 | D:7      | Found a staircase to the Ecumenical Temple.
  9549 | Temple   | Entered the Ecumenical Temple
  9749 | Temple   | Became a worshipper of Vehumet
 10075 | D:7      | Reached XP level 10. HP: 52/56 MP: 19/28
 10267 | D:8      | Reached skill level 5 in Necromancy
 10419 | D:8      | Reached skill level 13 in Spellcasting
 10455 | D:8      | Reached * piety under Vehumet
 10455 | D:8      | Offered knowledge of Shock by Vehumet.
 10720 | D:8      | Noticed a vault sentinel
 10720 | D:8      | Noticed a vault sentinel
 10742 | D:8      | Killed a vault sentinel
 10746 | D:8      | Killed a vault sentinel
 10747 | D:8      | Reached skill level 14 in Spellcasting
 10760 | D:8      | Found the +18 shield of the Gong {rElec rN+ Will+ EV-5}
 11049 | D:8      | Reached XP level 11. HP: 56/60 MP: 31/31
 11140 | D:8      | Reached ** piety under Vehumet
 11140 | D:8      | Offered knowledge of Foxfire by Vehumet.
 11316 | D:9      | Noticed a two-headed ogre
 11595 | D:9      | Mangled by a two-headed ogre

Illustrated notes

Levels and vault maps discovered:
D:1:      dpeg_arrival_solitude, layout_basic, serial_shops, shop,
          serial_curves, eino_curves_04, eino_curves_04
D:2:      layout_basic, ebering_ecumenical_altar_mist, uniq_jessica
D:3:      lemuel_castle_with_subvaults [lemuel_castle_interior_carwin_3],
          layout_basic, ebering_ghost_sewer_d
D:4:      layout_basic, uniq_crazy_yiuf_cottage, uniq_edmund, uniq_blork_the_orc
D:5:      layout_basic, bloody_makhleb
D:6:      layout_loops_cross
D:7:      minmay_s_stair_smasher, layout_basic, minmay_temple_entry_wispy,
          enter_bailey_6, lightli_ossuary_entry_decrepit_ruins
D:8:      layout_loops_cross, eino_tiny_chamber, grunt_ministairs_1,
          hellmonk_guarded_unrand_gong
D:9:      layout_basic, lemuel_crystal_altar
Temple:   mainiacjoe_temple_big_plus

Skill      XL: |  1  2  3  4  5  6  7  8  9 10 11 |
---------------+----------------------------------+-----
Spellcasting   | 5 6 7 8 10 12 14 | 14.9
Fighting       | 1 2 3 |  3.2
Armour         | 1 3 |  3.0
Conjurations   | 2 3 4 5 7 8 |  8.7
Dodging        | 3 |  3.0
Shields        | 1 2 3 4 |  4.3
Poison Magic   | 1 |  1.0
Stealth        | 3 |  3.0
Earth Magic    | 1 2 4 |  4.0
Transmutations | 1 |  1.0
Air Magic      | 1 |  1.0
Evocations     | 1 |  1.2
Necromancy     | 1 4 6 7 |  7.4
Summonings     | |  1.1
Translocations | |  1.1

Action                   |  1- 3 |  4- 6 |  7- 9 | 10-12 || total
-------------------------+-------+-------+-------+-------++-------
Melee: Dagger            |     2 |       |       |       ||     2
       Falchion          |       |    49 |       |       ||    49
       Mace              |       |       |    25 |       ||    25
       Flail             |       |       |     9 |       ||     9
       Quarterstaff      |       |       |    34 |       ||    34
       Punch             |       |       |     4 |     5 ||     9
       Spear             |       |       |    25 |       ||    25
       Demon blade       |       |       |   104 |   183 ||   287
 Cast: Magic Dart        |    68 |   224 |   280 |    38 ||   610
       Mephitic Cloud    |       |     8 |    45 |    39 ||    92
       Call Imp          |       |     1 |     9 |     2 ||    12
       Blink             |       |     1 |     6 |       ||     7
       Passwall          |       |       |     1 |       ||     1
Evoke: Wand              |       |       |       |     3 ||     3
 Stab: Confused          |       |     1 |    22 |    22 ||    45
       Distracted        |       |       |     1 |       ||     1
       Sleeping          |       |       |     1 |       ||     1
Armor: Leather armour    |     8 |    24 |   115 |    43 ||   190
Dodge: Dodged            |    10 |    86 |   229 |    86 ||   411

Table legend: (Time is in decaauts)
 A = Elapsed time spent in this place.
 B = Non-inter-level travel time spent in this place.
 C = Inter-level travel time spent in this place.
 D = Time resting spent in this place.
 E = Time spent auto-exploring this place.
 F = Levels seen in this place.
 G = Mean time per level.
                   A        B        C        D        E       F      G
               +--------+--------+--------+--------+--------+-----+--------+
         Total |  11753 |  11465 |    288 |    290 |   8417 |  12 |  979.4 |
       Dungeon |  10582 |  10323 |    259 |    282 |   7631 |   9 | 1175.8 |
        Temple |    230 |    201 |     29 |      0 |    183 |   1 |  230.0 |
       Ossuary |    537 |    537 |      0 |      0 |    405 |   1 |  537.0 |
        Bailey |    403 |    403 |      0 |      8 |    197 |   1 |  403.0 |
               +--------+--------+--------+--------+--------+-----+--------+

Top non-repeatable levels by time:
     D:3: 2412 daAuts
     D:4: 1265 daAuts
     D:8: 1198 daAuts
     D:2: 1155 daAuts
     D:6: 1154 daAuts
     D:1: 1115 daAuts
     D:7: 1035 daAuts
     D:5: 1028 daAuts
 Ossuary: 537 daAuts
  Bailey: 403 daAuts
  Temple: 230 daAuts
     D:9: 215 daAuts
